 Dungeon Crawl Stone Soup version 0.30-a0-691-g754fce4c43 (webtiles) character file.

Game seed: 3170649705597753033

48658 drugrobin the Brawler (level 13, -24/114 HPs)
             Began as a Demigod Delver on Jan 20, 2023.
             Killed from afar by Jorgrun (60 damage)
             ... with an iron shot
             ... on level 2 of the Orcish Mines.
             The game lasted 01:09:19 (22252 turns).

drugrobin the Brawler (Demigod Delver)             Turns: 22252, Time: 01:09:20

Health: -24/114    AC: 10    Str: 31    XL:     13   Next: 77%
Magic:  16/16      EV: 16    Int: 16    God:
Gold:   1433       SH:  3    Dex: 15    Spells: 5/12 levels left

rFire   . . .      SeeInvis .      - Unarmed
rCold   . . .      Faith    .    Z - +0 buckler
rNeg    . . .      Spirit   .    K - +1 swamp dragon scales
rPois   +          Reflect  .    (no helmet)
rElec   .          Harm     +    q - scarf {harm}
rCorr   .          Rampage  .    m - +1 pair of gloves
Will    +....                    (no boots)
Stlth   ++                       X - amulet of the acrobat
HPRegen 0.39/turn                M - +5 ring of evasion
MPRegen 0.15/turn                o - +6 ring of strength

@: no status effects
A: high MP 1, forlorn, divine attributes
a: no special abilities


You were on level 2 of the Orcish Mines.
You visited 3 branches of the dungeon, and saw 18 of its levels.
You also visited: Bailey.

You collected 1776 gold pieces.
You spent 343 gold pieces at shops.

Inventory:

Hand Weapons
 b - a +0 sling of flaming
 g - a +2 spear of venom
Missiles
 a - a silver boomerang (quivered)
 t - 11 javelins
 y - 11 poisoned darts
 F - a curare-tipped dart
 R - 2 throwing nets
Armour
 k - a +2 robe of cold resistance
 m - a +1 pair of gloves (worn)
 q - a scarf of harm (worn)
 E - a +0 cloak
 K - +1 swamp dragon scales (worn)
 Y - the +1 robe "Baocresu" {Regen+ rCorr MP-9 Stlth+}
   (You found it on level 1 of the Lair of Beasts)

   MP:        It affects your magic capacity (-9).
   Regen:     It increases your rate of health regeneration.
   rCorr:     It protects you from acid and corrosion.
   Stlth:     It makes you more stealthy.
 Z - a +0 buckler (worn)
Magical Staves
 Q - a staff of air
Jewellery
 j - a ring of ice
 o - a +6 ring of strength (right hand)
 u - a ring of willpower
 M - a +5 ring of evasion (left hand)
 X - an amulet of the acrobat (around neck)
Wands
 c - a wand of charming (8)
 f - a wand of digging (2)
 s - a wand of quicksilver (20)
 x - a wand of iceblast (25)
Scrolls
 e - 5 scrolls of silence
 h - 3 scrolls of vulnerability
 l - a scroll of identify
 p - 3 scrolls of torment
 r - 4 scrolls of fog
 v - 2 scrolls of fear
 A - 6 scrolls of teleportation {unknown}
 G - 3 scrolls of poison
 I - 3 scrolls of blinking
 L - 2 scrolls of immolation
Potions
 d - 4 potions of haste
 i - a potion of berserk rage
 n - 4 potions of attraction
 w - 2 potions of lignification {unknown}
 z - 2 potions of ambrosia
 B - a potion of magic {unknown}
 C - a potion of invisibility {unknown}
 D - a potion of resistance
 H - 2 potions of flight
 J - 2 potions of mutation {unknown}
 N - 12 potions of curing
 P - 2 potions of cancellation
 S - 2 potions of might


   Skills:
 + Level 10.5 Fighting
 - Level 1.7 Dodging
 - Level 4.5 Stealth
 * Level 20.1 Unarmed Combat


You had 5 spell levels left.
You knew the following spells:

 Your Spells              Type           Power      Damage    Failure   Level
a - Poisonous Vapours     Pois/Air       0%         N/A       58%         2
b - Mephitic Cloud        Conj/Pois/Air  0%         N/A       83%         3
c - Call Imp              Summ           0%         N/A       58%         2

Your spell library contained the following spells:

 Spells                   Type           Power      Damage    Failure   Level
 Apportation              Tloc           0%         N/A       45%         1
 Magic Dart               Conj           0%         1d3       45%         1
 Cigotuvi's Dreadful Rot  Necr/Pois/Air  0%         N/A       58%         2
 Static Discharge         Conj/Air       0%         2-2/arc   58%         2
 Frozen Ramparts          Ice            0%         1d1       83%         3
 Ignite Poison            Fire/Tmut/Pois 0%         N/A       83%         3
 Kindle Blastsparks       Fire/Tloc/Air  0%         2d10      83%         3
 Vhi's Electric Charge    Tloc/Air       0%         N/A       83%         3
 Animate Dead             Necr           0%         N/A       99%         4
 Dispel Undead            Necr           0%         3d6       99%         4
 Ice Form                 Ice/Tmut       0%         N/A       99%         4
 Summon Ice Beast         Ice/Summ       0%         N/A       99%         4
 Alistair's Intoxication  Tmut/Pois      0%         N/A       100%        5
 Arcjolt                  Conj/Air       0%         1d10      100%        5
 Borgnjor's Vile Clutch   Necr/Erth      0%         N/A       100%        5
 Freezing Cloud           Conj/Ice/Air   0%         6-21      100%        5
 Lightning Bolt           Conj/Air       0%         1d11      100%        5
 Death Channel            Necr           0%         N/A       100%        6
 Maxwell's Capacitive Co  Air            0%         ∞         100%        8


Dungeon Overview and Level Annotations

Branches:
Dungeon (11/15)            Temple (0/1) D:4            Lair (5/5) D:11
 Shoals (0/4) Lair:3       Spider (0/4) Lair:3        Slime (0/5) Lair:4
    Orc (2/2) D:10         Bailey (visited)
    Elf: Orc:2

Shops:
D:3 :   D:4 (   D:6 :=*=!   Orc:1 *

Annotations:
D:2 Sigmund
D:7 1 runed translucent door
Lair:3 exclusion: orange demon, Amaemon
Orc:2 Jorgrun


Innate Abilities, Weirdness & Mutations

You have an increased reservoir of magic. (+10% MP)
You shall have no god before yourself.
Your divine heritage dramatically boosts your attributes as you level up.


Message History

You shatter!!!
You hear a shout! x3
Your limbs are stiffening.
Unknown command.
Unknown command.
Unknown command.
Unknown command.
Unknown command.
You have turned to stone.
Jorgrun casts a spell next to you.
The wall shatters!
The blast of rock fragments hits you!!
An orc priest comes into view.
It is wielding a +2 hand axe of freezing.
An orc priest comes into view. It is wielding a +0 club.
Jorgrun gestures at you while chanting. You resist with significant effort.
An orc warrior comes into view. It is wielding a +0 scimitar.
The orc priest shouts!
You hear a shout!
The orc priest mumbles some strange prayers to Beogh against you.
Beogh smites you! Jorgrun gestures at you while chanting.
You shatter!!
An orc comes into view. It is wielding a +0 falchion.
The orc priest mumbles some strange prayers to Beogh against you.
Beogh smites you!
You hear a shout! x2
You turn to flesh and can move again.
There is a stone staircase leading up here.
Unknown command.
Unknown command.
Unknown command.
Unknown command.
Unknown command.
Unknown command.
Unknown command.
Unknown command.
Jorgrun points at you and mumbles some strange words.
The iron shot hits you!!!
Ouch! That really hurt!
You die...

##.......+
#####..#....o##
............o.####
....#.o...........
........o.......##
.................#
<.......g..###..##
.........#.#
........@###
##......##
#....#..#
###.##.## #. ## #


You could see Jorgrun, an orc warrior, 2 orc priests and an orc.

Vanquished Creatures
  An orc warlord (D:10)
  A catoblepas (Lair:4)
  3 hydras (Lair:5)
  2 two-headed ogres
  A death yak (Lair:5)
  A harpy (Lair:3)
  An orc knight (Bailey)
  An ugly thing (D:10)
  5 oklob plants (Lair:4)
  2 manticores
  4 black mambas
  17 elephants
  2 gargoyles
  10 cane toads
  Maggie (D:9)
  An unseen horror (D:9)
  5 rime drakes
  7 komodo dragons
  6 trolls
  A polar bear (Lair:3)
  Grinder (D:4)
  29 blink frogs
  2 wraiths
  3 culicivoras (Lair:3)
  6 wyverns
  34 yaks
  2 basilisks (Lair:1)
  A vampire (D:6)
  A warg (D:10)
  An acid dragon (D:10)
  10 water moccasins
  2 ice beasts
  21 orc warriors
  2 sky beasts (D:7)
  2 black bears
  11 ogres
  8 wolves
  8 centaurs
  A phantom (D:6)
  6 kobold brigands
  7 bullfrogs
  5 scorpions
  A necrophage (D:4)
  5 gnoll sergeants
  4 wights (D:4)
  A nameless horror (Lair:4)
  7 electric eels
  5 howler monkeys
  A bullfrog zombie (D:4)
  A centaur zombie (D:4)
  A human zombie (D:4)
  5 orc priests
  4 jellies
  5 hounds
  3 iguanas
  Natasha (thrice) (D:2)
  20 orc wizards
  2 hound zombies (D:4)
  2 human simulacra (D:10)
  A mummy (D:4)
  6 adders
  25 gnolls
  2 shadow imps
  2 white imps
  An ufetubus (D:6)
  An adder zombie (D:4)
  2 worms
  2 dart slugs
  61 orcs
  3 ball pythons
  12 endoplasms
  11 goblins
  7 hobgoblins
  3 jackals (D:1)
  30 kobolds
  2 quokkas (D:1)
  7 bats
  4 rats
487 creatures vanquished.

Vanquished Creatures (collateral kills)
  A hydra (Lair:2)
  A harpy (Lair:3)
  A komodo dragon (Lair:4)
  2 yaks (Lair:4)
  An orc priest (Orc:1)
  An orc (Orc:1)
7 creatures vanquished.

Vanquished Creatures (others)
  35 fungi
  28 plants
  20 withered plants (Lair:1)
83 creatures vanquished.

Grand Total: 577 creatures vanquished

Notes
Turn   | Place    | Note
-------+----------+-------------------------------------------
     0 | D:5      | drugrobin the Demigod Delver began the quest for the Orb.
     0 | D:5      | Reached XP level 1. HP: 18/18 MP: 3/3
    10 | D:5      | Noticed a hound
    27 | D:4      | Noticed an ogre
    46 | D:4      | Noticed Grinder
    55 | D:3      | Found Faevatz's Book Boutique.
   168 | D:2      | Reached skill level 2 in Unarmed Combat
   355 | D:1      | Reached XP level 2. HP: 24/25 MP: 4/4
   504 | D:1      | Reached skill level 3 in Unarmed Combat
   774 | D:1      | Reached XP level 3. HP: 24/30 MP: 5/5
  1106 | D:2      | Noticed Natasha
  1123 | D:2      | Killed Natasha
  1124 | D:2      | Reached skill level 4 in Unarmed Combat
  1307 | D:2      | Noticed Natasha
  1315 | D:2      | Killed Natasha
  1316 | D:2      | Reached XP level 4. HP: 37/37 MP: 6/6
  1367 | D:2      | Noticed Natasha
  1374 | D:2      | Killed Natasha
  1510 | D:2      | Noticed Sigmund
  1971 | D:3      | Reached skill level 5 in Unarmed Combat
  1971 | D:3      | Reached XP level 5. HP: 42/42 MP: 7/7
  2800 | D:4      | Killed an ogre
  2801 | D:4      | Reached skill level 6 in Unarmed Combat
  2801 | D:4      | Reached XP level 6. HP: 50/50 MP: 8/8
  3022 | D:4      | Reached skill level 7 in Unarmed Combat
  3098 | D:4      | Found a staircase to the Ecumenical Temple.
  3283 | D:4      | Reached XP level 7. HP: 52/56 MP: 9/9
  3386 | D:4      | Found Ethat's Antique Weapon Emporium.
  3476 | D:4      | Reached skill level 8 in Unarmed Combat
  3710 | D:4      | Paralysed by Grinder for 4 turns
  3726 | D:4      | Killed Grinder
  3727 | D:4      | Reached skill level 9 in Unarmed Combat
  3727 | D:4      | Reached XP level 8. HP: 53/62 MP: 10/10
  4264 | D:5      | Reached skill level 10 in Unarmed Combat
  4424 | D:6      | Found Vaaje's Book Emporium.
  4457 | D:6      | Found Muedd's Jewellery Emporium.
  4480 | D:6      | Found Remeis's Distillery.
  4487 | D:6      | Bought a potion of berserk rage for 70 gold pieces
  4487 | D:6      | Bought a potion of curing for 42 gold pieces
  4487 | D:6      | Bought a potion of degeneration for 14 gold pieces
  4487 | D:6      | Bought a potion of heal wounds for 70 gold pieces
  4487 | D:6      | Bought a potion of flight for 42 gold pieces
  4487 | D:6      | Bought a potion of might for 56 gold pieces
  4635 | D:6      | Found Figukhao's General Store.
  4645 | D:6      | Bought a potion of attraction for 33 gold pieces
  4999 | D:6      | Found Vehierak's Jewellery Shoppe.
  5009 | D:6      | Reached skill level 11 in Unarmed Combat
  5104 | D:6      | Noticed a troll
  5451 | D:6      | Reached XP level 9. HP: 64/68 MP: 11/11
  5732 | D:6      | Learned a level 2 spell: Poisonous Vapours
  6079 | D:7      | Reached skill level 12 in Unarmed Combat
  6120 | D:7      | Found a runed translucent door.
  6121 | D:7      | Noticed a sixfirhy
  6503 | D:7      | Reached skill level 13 in Unarmed Combat
  7768 | D:9      | Reached XP level 10. HP: 55/74 MP: 13/13
  7811 | D:9      | Noticed a two-headed ogre
  7929 | D:9      | Noticed Maggie
  8166 | D:9      | Reached skill level 14 in Unarmed Combat
  8483 | D:9      | Killed a two-headed ogre
  8484 | D:9      | Reached skill level 15 in Unarmed Combat
  8514 | D:10     | Entered Level 10 of the Dungeon
  8554 | D:10     | Found a flagged portal.
  8623 | Bailey   | Entered a bailey
  8702 | Bailey   | Learned a level 3 spell: Mephitic Cloud
  9066 | Bailey   | Found a large runed translucent door.
  9066 | Bailey   | Found a large runed translucent door.
  9067 | Bailey   | Noticed a deep elf zephyrmancer
  9069 | Bailey   | Noticed an orc knight
  9144 | Bailey   | Killed an orc knight
  9808 | D:10     | Reached XP level 11. HP: 55/83 MP: 14/14
 10355 | D:10     | Reached skill level 16 in Unarmed Combat
 10658 | D:10     | Found a staircase to the Orcish Mines.
 11119 | D:10     | Reached skill level 5 in Fighting
 11553 | D:11     | Found a staircase to the Lair.
 11774 | Lair:1   | Entered Level 1 of the Lair of Beasts
 12374 | Lair:1   | Reached skill level 17 in Unarmed Combat
 12983 | Lair:1   | Identified the +1 robe "Baocresu" {Regen+ rCorr MP-9
                  | Stlth+}
 13881 | Lair:2   | You fall into a shaft and drop 2 floors!
 13904 | Lair:3   | Reached XP level 12. HP: 96/97 MP: 6/15
 13907 | Lair:3   | Learned a level 2 spell: Call Imp
 14260 | Lair:2   | Noticed a six-headed hydra
 14290 | Lair:2   | Killed a six-headed hydra
 15198 | Lair:3   | Found a hole to the Spider Nest.
 15342 | Lair:3   | Reached skill level 18 in Unarmed Combat
 15398 | Lair:3   | Noticed Amaemon
 15904 | Lair:3   | Found a staircase to the Shoals.
 16760 | Lair:4   | Found a staircase to the Slime Pits.
 17880 | Lair:5   | Entered Level 5 of the Lair of Beasts
 18098 | Lair:5   | Noticed a catoblepas
 18139 | Lair:4   | Killed a catoblepas
 18375 | Lair:5   | Reached XP level 13. HP: 63/111 MP: 2/16
 18511 | Lair:4   | Reached skill level 19 in Unarmed Combat
 18977 | Lair:5   | Identified the +5 falchion of Xom's Reproof {elec, Dex+5}
 19651 | Lair:5   | Reached skill level 10 in Fighting
 20255 | Lair:5   | Noticed a dire elephant
 20453 | Orc:1    | Entered Level 1 of the Orcish Mines
 20651 | Orc:1    | Reached skill level 20 in Unarmed Combat
 20741 | Orc:1    | Found Teung's CLEARANCE SALE!.
 20806 | Orc:1    | Bought a potion of might for 16 gold pieces
 20890 | Orc:1    | Noticed an orc warlord
 21500 | D:9      | Killed Maggie
 21759 | D:10     | Killed an orc warlord
 22233 | Orc:2    | Entered Level 2 of the Orcish Mines
 22240 | Orc:2    | Noticed Jorgrun
 22252 | Orc:2    | Killed from afar by Jorgrun

Illustrated notes

Levels and vault maps discovered:
D:1:      psy_arrival_terrarium, layout_loops_cross
D:2:      layout_rooms, basic_altar, ebering_ecumenical_altar_sacrificial,
          chequers_serial_rivers_micro_a, uniq_sigmund, uniq_natasha
D:3:      layout_loops_ring, general_overflow_altar, serial_shops, shop,
          minmay_misc_feat_nine_boxes
D:4:      layout_cave_pools, lemuel_mausoleum_altar_kikubaaqudgha,
          minmay_temple_entry_fiery, serial_shops, nicolae_lakefront_shop,
          minmay_starry_boxes, uniq_grinder
D:5:      layout_basic, mainiacjoe_overflow_cross_hatched
D:6:      layout_loops_ring, serial_shops, nicolae_take_the_stairs,
          nicolae_shop_stone, kennysheep_mini, nicolae_stop_n_shop_1,
          shop_fountains, hangedman_minor_gate_pass
D:7:      cheibrodos_shockbox, layout_basic, nicolae_qazlal_general_emergency,
          yredelemnul_altar_generic
D:8:      layout_basic
D:9:      layout_basic, mainiacjoe_overflow_tiny_flanked,
          amethyst_overflow_temple_binary, grunt_decor_fettered, uniq_maggie
D:10:     layout_basic, kennysheep_orc_monster_closet_entryway, enter_bailey_5,
          bh_circular_ruins
D:11:     layout_cave_pools, hellmonk_lair_entry_icy
Lair:1:   layout_gridlike, chequers_serial_rivers_room_b,
          pdpol_lair_neglected_garden
Lair:2:   layout_regular_city, beast_lair_carwin_3, infiniplex_staircase_pool,
          grunt_megastairs_2, lemuel_fruit_fields
Lair:3:   layout_cave_pods, nicolae_shoals_entry_roost,
          hellmonk_spider_entry_life_and_decay, uniq_amaemon
Lair:4:   minmay_lair_oklob_tunnel, layout_regular_city,
          minmay_slime_entry_oklob_open
Lair:5:   evil_forest, layout_gridlike, grunt_megastairs_5,
          infiniplex_staircase_pool_2
Orc:1:    layout_diamond_mine, nicolae_shop_clearance
Orc:2:    grunt_orc_community_town_hall, layout_diamond_mine,
          grunt_orc_community_big_house_2, grunt_orc_community_big_house_2,
          grunt_orc_community_house_3, grunt_orc_community_house_2,
          grunt_orc_community_house_3, grunt_orc_community_house_3,
          grunt_orc_community_house_3, grunt_orc_community_house_3,
          uniq_jorgrun, uniq_donald

Skill      XL: |  1  2  3  4  5  6  7  8  9 10 11 12 13 |
---------------+----------------------------------------+-----
Unarmed Combat | 2 3 4 5 6 7 9 11 13 15 17 18 20 | 20.1
Fighting       | 3 6 9 10 | 10.5
Dodging        | |  1.7
Stealth        | |  4.5

Action                   |  1- 3 |  4- 6 |  7- 9 | 10-12 | 13-15 || total
-------------------------+-------+-------+-------+-------+-------++-------
Melee: Unarmed           |   118 |   100 |   321 |   607 |   339 ||  1485
       Punch             |     2 |     4 |    17 |    22 |       ||    45
       Spear             |       |       |       |    21 |       ||    21
 Fire: Sling             |    36 |    64 |    31 |    50 |    13 ||   194
Throw: Javelin           |     3 |     9 |     2 |     2 |     2 ||    18
       Dart              |       |     6 |     3 |    10 |     2 ||    21
       Stone             |       |     2 |     6 |       |       ||     8
       Boomerang         |       |       |    21 |    59 |    26 ||   106
       Throwing net      |       |       |       |     3 |     1 ||     4
 Cast: Poisonous Vapours |       |       |     3 |    47 |     8 ||    58
       Call Imp          |       |       |       |    17 |    12 ||    29
Evoke: Wand              |       |       |     1 |     6 |     2 ||     9
  Use: Scroll            |     2 |       |     9 |     8 |       ||    19
       Potion            |     1 |       |       |     6 |       ||     7
 Stab: Sleeping          |     7 |       |       |     5 |       ||    12
       Held in net/web   |       |       |       |     5 |     2 ||     7
       Distracted        |       |       |       |     3 |     1 ||     4
Armor: Leather armour    |    27 |       |       |       |       ||    27
       Scale mail        |       |    34 |       |       |       ||    34
       Plate armour      |       |    10 |    41 |       |       ||    51
       Troll leather arm |       |       |    21 |    59 |       ||    80
       Ring mail         |       |       |       |    16 |    22 ||    38
       Robe              |       |       |       |    16 |    20 ||    36
       Swamp dragon scal |       |       |       |       |     6 ||     6
Dodge: Dodged            |    55 |    75 |   183 |   303 |   215 ||   831
Block: Buckler           |       |       |       |    43 |    35 ||    78

Table legend: (Time is in decaauts)
 A = Elapsed time spent in this place.
 B = Non-inter-level travel time spent in this place.
 C = Inter-level travel time spent in this place.
 D = Time resting spent in this place.
 E = Time spent auto-exploring this place.
 F = Levels seen in this place.
 G = Mean time per level.
                   A        B        C        D        E       F      G
               +--------+--------+--------+--------+--------+-----+--------+
         Total |  22030 |  20847 |   1183 |   2983 |  11800 |  19 | 1159.5 |
       Dungeon |  12375 |  11705 |    670 |   1521 |   6659 |  11 | 1125.0 |
          Lair |   8138 |   7631 |    507 |   1370 |   4378 |   5 | 1627.6 |
  Orcish Mines |    811 |    806 |      5 |     11 |    463 |   2 |  405.5 |
        Bailey |    705 |    705 |      0 |     81 |    299 |   1 |  705.0 |
               +--------+--------+--------+--------+--------+-----+--------+

Top non-repeatable levels by time:
    D:10: 2429 daAuts
  Lair:5: 1892 daAuts
  Lair:3: 1783 daAuts
  Lair:4: 1598 daAuts
  Lair:1: 1557 daAuts
     D:6: 1488 daAuts
  Lair:2: 1305 daAuts
     D:9: 1286 daAuts
     D:4: 1156 daAuts
     D:3: 1128 daAuts
     D:8: 1121 daAuts
    D:11: 982 daAuts
   Orc:1: 792 daAuts
     D:1: 768 daAuts
  Bailey: 705 daAuts
